 Dungeon Crawl Stone Soup version 0.29.1-12-g30fa7ad0bf (webtiles) character file.

Game seed: 16803140191435421313

3173 mandoloar the Magician (level 9, 0/52 HPs)
             Began as a Deep Elf Conjurer on Dec 24, 2022.
             Was a Believer of Vehumet.
             Succumbed to a hornet's poison
             ... on level 8 of the Dungeon.
             The game lasted 00:32:38 (11694 turns).

mandoloar the Magician (Deep Elf Conjurer)         Turns: 11694, Time: 00:32:39

Health: 0/52       AC:  8    Str:  6    XL:     9   Next: 63%
Magic:  8/22       EV: 11    Int: 38    God:    Vehumet [**....]
Gold:   908        SH:  0    Dex: 13    Spells: 16/23 levels left

rFire   x . .      SeeInvis +   q - +3 scythe (vamp)
rCold   . . .      Faith    .   (shield currently unavailable)
rNeg    . . .      Spirit   .   u - +0 ring mail "Oragoi" {rElec rF- Int+10 SInv}
rPois   .          Reflect  .   (no helmet)
rElec   +          Harm     .   r - scarf {repulsion}
rCorr   .          Rampage  .   t - +2 pair of gloves
Will    .....                   (no boots)
Stlth   +++.......              d - amulet of Goliatef {Regen+ Str+2}
HPRegen 0.97/turn               i - ring of see invisible
MPRegen 0.18/turn               (no ring)

@: lethally poisoned (0 -> -6), about to teleport, slowed, repel missiles, very
slow
A: no striking features
a: Renounce Religion


You were on level 8 of the Dungeon.
You worshipped Vehumet.
Vehumet was pleased with you.
You visited 2 branches of the dungeon, and saw 9 of its levels.

You collected 908 gold pieces.

Inventory:

Hand Weapons
 q - a +3 vampiric scythe (weapon)
Armour
 b - a +2 robe of the Archmagi
 k - a +0 ring mail
 l - a +0 cloak
 r - a scarf of repulsion (worn)
 t - a +2 pair of gloves (worn)
 u - the +0 ring mail "Oragoi" (worn) {rElec rF- Int+10 SInv}
   (You found it on level 6 of the Dungeon)

   Int:       It affects your intelligence (+10).
   rF:        It makes you vulnerable to fire.
   rElec:     It insulates you from electricity.
   SInv:      It lets you see invisible.
Magical Staves
 n - a staff of death
Jewellery
 d - the amulet of Goliatef (around neck) {Regen+ Str+2}
   (You acquired it on level 4 of the Dungeon)

   [amulet of regeneration]

   Str:       It affects your strength (+2).
   Regen:     It increases your rate of health regeneration.
 i - a ring of see invisible (left hand)
 m - a ring of ice
Wands
 v - a wand of flame (16)
Scrolls
 c - 2 scrolls of teleportation
 x - 2 scrolls of enchant weapon
Potions
 a - 3 potions of brilliance {unknown}
 e - a potion of berserk rage
 f - a potion of mutation
 g - a potion of magic
 h - a potion of might
 j - a potion of attraction {unknown}
 o - a potion of flight {unknown}
 p - 3 potions of curing
 s - a potion of ambrosia {unknown}
 w - a potion of degeneration {unknown}
 z - a potion of heal wounds {unknown}


   Skills:
 + Level 4.4 Fighting
 + Level 7.0 Dodging
 + Level 7.9 Stealth
 + Level 7.9 Spellcasting
 + Level 7.5 Conjurations
 + Level 6.5 Hexes


You had 16 spell levels left.
You knew the following spells:

 Your Spells              Type           Power      Damage    Failure   Level
a - Magic Dart            Conj           100%       1d8       1%          1
b - Searing Ray           Conj           100%       2d8       1%          2
c - Fulminant Prism       Conj/Hex       31%        3d16      5%          4

Your spell library contained the following spells:

 Spells                   Type           Power      Damage    Failure   Level
 Static Discharge         Conj/Air       43%        3-9/arc   3%          2
 Dazzling Flash           Conj/Hex       100%       N/A       1%          3
 Necrotise                Necr           60%        1d7       11%         1
 Sublimation of Blood     Necr           15%        N/A       16%         2
 Wereblood                Tmut           15%        N/A       16%         2
 Iskenderun's Mystic Bla  Conj/Tloc      43%        2d10      22%         4
 Vampiric Draining        Necr           15%        2d7       30%         3
 Summon Lightning Spire   Summ/Air       15%        N/A       71%         4
 Agony                    Necr           15%        N/A       96%         5
 Storm Form               Tmut/Air       7%         N/A       100%        7
 Summon Hydra             Summ           7%         N/A       100%        7
 Maxwell's Capacitive Co  Air            7%         ∞         100%        8


Dungeon Overview and Level Annotations

Branches:
Dungeon (8/15)             Temple (1/1) D:4
   Lair: D:8-11

Altars:
Ashenzari
Cheibriados
Dithmenos
Elyvilon
Fedhas
Gozag
Hepliaklqana
Kikubaaqudgha
Makhleb
Nemelex Xobeh
Okawaru
Qazlal
Ru
Sif Muna
Trog
Uskayaw
Vehumet
Wu Jian
Xom
Zin
The Shining One

Shops:
D:1 *

Annotations:
D:5 2 transporters, Smersh616's ghost, weakling GnDe


Message History

Vehumet accepts your kill.
You feel sick.
The searing ray hits the killer bee.
The killer bee is moderately wounded.
The killer bee buzzes angrily.
You feel sick.
The hornet buzzes angrily.
You feel sick.
You are no longer poisoned.
The killer bee misses you. The killer bee closely misses you.
You see here a killer bee corpse.
Casting: Searing Ray (safe; 1% risk of failure)
Confirm with . or Enter, or press ? or * to list all spells.
Aiming: Searing Ray (safe; 1% risk of failure)
Press: ? - help, Shift-Dir - straight line, f - killer bee
Aim: a killer bee (moderately wounded, 65% to hit)
The searing ray hits the killer bee.
The killer bee is moderately wounded. (Press . to maintain the ray.)
The killer bee barely misses you. The killer bee stings you.
The searing ray hits the killer bee!
The killer bee is almost dead.
The killer bee barely misses you. The killer bee closely misses you.
The searing ray misses the killer bee.
The hornet barely misses you. The killer bee stings you. The hornet stings you!
You feel yourself slow down. The killer bee misses you.
You closely miss the killer bee.
The killer bee is almost dead.
You feel yourself speed up.
The killer bee stings you but does no damage.
The killer bee barely misses you. The hornet completely misses you.
The killer bee stings you. The hornet stings you!
* * * LOW HITPOINT WARNING * * *
You are lethally poisoned!
You feel yourself slow down.
The killer bee stings you but does no damage.
The hornet stings you but does no damage.
As you read the scroll of teleportation, it crumbles to dust.
You feel strangely unstable.
You die...

###+#....
#........
#........
#........ ^##+#
#........ .....
#........
......#........
......#y.......
.......@.......
.......y...####
......#....#
......#.†.##
......#...#
##### ###.. ...
.##. .. ./


You could see a hornet and a killer bee.

Vanquished Creatures
  Grinder (D:5)
  Sigmund (D:4)
  3 water moccasins
  2 ice beasts
  2 sky beasts
  A black bear (D:6)
  A centaur (D:6)
  2 phantoms (D:6)
  A kobold brigand (D:7)
  Blork the orc (D:4)
  2 bullfrogs (D:7)
  2 necrophages
  2 scorpions (D:4)
  4 wights (D:6)
  3 killer bees (D:8)
  6 hounds
  3 orc priests
  A jelly (D:4)
  A gnoll bouda (D:7)
  11 iguanas
  8 orc wizards
  2 gnolls (D:7)
  2 adders (D:3)
  2 white imps
  An ufetubus (D:3)
  2 worms
  2 dart slugs
  20 orcs
  5 ball pythons
  5 bats (D:3)
  4 endoplasms
  2 giant cockroaches
  9 goblins
  4 hobgoblins
  3 jackals (D:1)
  13 kobolds
  3 quokkas
  8 frilled lizards
  7 rats
152 creatures vanquished.

Vanquished Creatures (collateral kills)
  A worm (D:4)
1 creature vanquished.

Vanquished Creatures (others)
  22 fulminant prisms
  9 plants (D:7)
31 creatures vanquished.

Grand Total: 184 creatures vanquished

Notes
Turn   | Place    | Note
-------+----------+-------------------------------------------
     0 | D:1      | mandoloar the Deep Elf Conjurer began the quest for the
                  | Orb.
     0 | D:1      | Reached XP level 1. HP: 10/10 MP: 6/6
   315 | D:1      | Reached XP level 2. HP: 15/15 MP: 5/8
   318 | D:1      | Learned a level 2 spell: Searing Ray
   381 | D:1      | Found a faded altar of an unknown god.
   614 | D:1      | Found Veulaxesch's Assorted Antiques.
  1206 | D:2      | Reached XP level 3. HP: 17/20 MP: 6/9
  3583 | D:3      | Reached skill level 1 in Fighting
  3583 | D:3      | Reached XP level 4. HP: 25/25 MP: 7/11
  3764 | D:3      | Learned a level 4 spell: Fulminant Prism
  4029 | D:3      | Reached skill level 5 in Conjurations
  4029 | D:3      | Reached XP level 5. HP: 29/29 MP: 2/13
  4097 | D:3      | Reached skill level 1 in Hexes
  4843 | D:4      | Identified the +3 chain mail "Axustrim" {Fly rC+ Regen+
                  | Dex-5}
  5018 | D:4      | Reached XP level 6. HP: 8/35 MP: 5/14
  5258 | D:4      | Identified a scroll of acquirement
  5258 | D:4      | Acquired the amulet of Goliatef {Regen+ Str+2}
  5275 | D:4      | Found a staircase to the Ecumenical Temple.
  5363 | Temple   | Entered the Ecumenical Temple
  5474 | Temple   | Became a worshipper of Vehumet
  5572 | D:4      | Noticed Sigmund
  5579 | D:4      | Killed Sigmund
  5744 | D:4      | Reached skill level 5 in Spellcasting
  5788 | D:4      | Noticed Blork the orc
  5795 | D:4      | Killed Blork the orc
  5796 | D:4      | Reached XP level 7. HP: 26/40 MP: 8/16
  5995 | D:4      | Reached skill level 5 in Stealth
  6698 | D:5      | Entered Level 5 of the Dungeon
  6749 | D:5      | Noticed Grinder
  6773 | D:5      | Killed Grinder
  6774 | D:5      | Reached skill level 5 in Dodging
  7084 | D:5      | Found a transporter.
  7086 | D:5      | Noticed Smersh616's ghost (weakling GnDe)
  7098 | D:5      | Reached XP level 8. HP: 45/45 MP: 13/18
  7199 | D:5      | Found a sparkling altar of Nemelex Xobeh.
  7200 | D:5      | Found a bloodstained altar of Trog.
  7258 | D:5      | Found a white marble altar of Elyvilon.
  7258 | D:5      | Found a shimmering blue altar of Sif Muna.
  7262 | D:5      | Found a hide-covered altar of Uskayaw.
  7292 | D:5      | Found a transporter.
  8153 | D:6      | Identified the +0 ring mail "Oragoi" {rElec rF- Int+10
                  | SInv}
  8557 | D:6      | Reached * piety under Vehumet
  8557 | D:6      | Offered knowledge of Sandblast by Vehumet.
  8740 | D:6      | Reached skill level 5 in Hexes
  9202 | D:6      | Reached XP level 9. HP: 50/52 MP: 13/21
 10663 | D:6      | Acquired 562 gold pieces
 11353 | D:7      | Offered knowledge of Static Discharge by Vehumet.
 11353 | D:7      | Reached ** piety under Vehumet
 11694 | D:8      | Succumbed to a hornet's poison

Illustrated notes

Levels and vault maps discovered:
D:1:      roderic_crop_circles_arrival_small, layout_basic, serial_shops, shop,
          basic_ecumenical_altar
D:2:      layout_loops_ring, solitary_fountain
D:3:      minmay_angry_zag, layout_basic, dk_vineyard_3
D:4:      layout_basic, minmay_temple_entry_wispy, uniq_sigmund,
          uniq_blork_the_orc
D:5:      layout_rooms, minitemple, gammafunk_ghost_mausoleum, uniq_grinder
D:6:      layout_basic, kennysheep_generic_room_11
D:7:      layout_cave_pools, minmay_lizard_king
D:8:      layout_basic, chequers_serial_rivers_room_b, minmay_holes,
          eino_curves_04, uniq_maurice
Temple:   nicolae_temple_slightly_damp_pantheon

Skill      XL: |  1  2  3  4  5  6  7  8  9 |
---------------+----------------------------+-----
Stealth        | 3 4 5 6 7 |  7.9
Dodging        | 3 4 5 6 7 |  7.0
Fighting       | 1 2 3 4 |  4.4
Spellcasting   | 4 5 7 |  7.9
Conjurations   | 5 6 7 |  7.5
Hexes          | 1 2 3 5 6 |  6.5

Action                   |  1- 3 |  4- 6 |  7- 9 || total
-------------------------+-------+-------+-------++-------
Melee: Dagger            |     1 |       |       ||     1
       Halberd           |       |       |     1 ||     1
 Cast: Magic Dart        |    58 |    37 |     9 ||   104
       Searing Ray       |    15 |    20 |    54 ||    89
       Fulminant Prism   |       |       |    22 ||    22
  Use: Scroll            |     6 |     3 |     5 ||    14
       Potion            |       |     3 |       ||     3
Armor: Robe              |     1 |       |       ||     1
       Ring mail         |     4 |    12 |    14 ||    30
Dodge: Dodged            |     9 |    20 |    34 ||    63
